Map: Coda LE

Players

Kantuva - Winner!

  • Race: Protoss Protoss
  • Spawn Location: 11:00

VOD

Have the link to the VOD?

Description

Time

  • Played on: April 1, 2015, 6:42 p.m.
  • Length: 36:36
Show
View Real Time Build Order
Export as new Build Order

Kantuva Protoss - Winner!

Build Orders:  

Get SALT Encoding   

  12  0:47  Assimilator x2  
  12  0:49  Probe (Chrono Boost)  
  12  0:51  Pylon  
  12  0:55  Pylon  
  12  0:59  Probe (Chrono Boost)  
  12  1:09  Probe  
  12  1:21  Probe  
  12  2:47  Gateway  
  12  2:48  Probe (Chrono Boost)  
  12  2:49  Pylon  
  12  2:52  Pylon  
  12  2:58  Probe (Chrono Boost)  
  12  3:05  Probe  
  12  3:17  Probe  
  12  3:30  Probe  
  12  4:55  Cybernetics Core, Probe (Chrono Boost)  
  12  4:56  Gateway  
  12  4:58  Pylon  
  12  5:01  Pylon  
  12  5:02  Pylon x2  
  12  5:05  Probe (Chrono Boost)  
  12  5:12  Probe  
  12  5:24  Probe, Warp Gate (Chrono Boost)  
  12  5:36  Probe  
  12  5:39  Twilight Council, Stargate  
  12  5:44  Robotics Facility  
  12  6:00  Mothership Core  
  12  6:05  Adept x2 (Chrono Boost)  
  12  6:26  Oracle  
  12  8:00  Unknown  
  12  28:19  Robotics Bay  
  12  28:21  Void Ray (Chrono Boost)  
  12  28:56  Void Ray  
  12  29:39  Void Ray  
  12  29:40  Protoss Air Armor Level 1 (Chrono Boost)  
  12  30:22  Void Ray  
  12  31:19  Disruptor (Chrono Boost)  
  12  31:25  Disruptor  
  12  31:55  Disruptor  
  12  32:27  Disruptor  
  12  35:49  Disruptor  
Tags
 
Add a new tag
Caveats
  • Supply blocks, unpowered buildings, or Contaminate may cause inaccurate times.
  • Supply counts are checked every 10 seconds.